 Dungeon Sprint DCSS version 0.29-a0-275-g389c0b56f3 (webtiles) character file.

Game seed: 13482945491290082487

169 sammy202020 the Basher (level 5, -10/56 HPs)
             Began as a Minotaur Berserker on Mar 10, 2022.
             Was a Priest of Trog.
             Mangled by a two-headed ogre
             ... wielding a +0 giant club
              (23 damage)
             ... in the Dungeon (Sprint IX: "|||||||||||||||||||||||||||||").
             The game lasted 00:01:16 (143 turns).

sammy202020 the Basher (Minotaur Berserker)          Turns: 143, Time: 00:01:17

Health: -10/56     AC: 12    Str: 21    XL:     5   Next: 25%
Magic:  4/4        EV:  8    Int:  6    God:    Trog [***...]
Gold:   0          SH:  0    Dex: 16    Spells: 4/4 levels left

rFire   . . .      SeeInvis .   k - +2 dire flail (vorpal)
rCold   . . .      Faith    .   (shield currently unavailable)
rNeg    . . .      Spirit   .   l - +0 plate armour
rPois   .          Reflect  .   (helmet restricted)
rElec   .          Harm     .   (no cloak)
rCorr   .          Rampage  .   (no gloves)
Will    ++...      NoTele   +   (no boots)
Stlth   ..........              (no amulet)
HPRegen 1.18/turn               m - +3 ring of dexterity
MPRegen 0.09/turn               n - +3 ring of dexterity

@: strong-willed, regenerating
A: horns 2, retaliatory headbutt
a: Renounce Religion, Berserk, Trog's Hand


You were in the Dungeon.
You worshipped Trog.
Trog was most pleased with you.
You visited 1 branch

Inventory:

Hand Weapons
 a - a +0 mace
 k - a +2 vorpal dire flail (weapon)
Armour
 b - a +0 animal skin
 l - a +0 plate armour (worn)
Jewellery
 m - a +3 ring of dexterity (left hand)
 n - a +3 ring of dexterity (right hand)
Wands
 j - a wand of acid (10)
Scrolls
 h - 2 scrolls of blinking
Potions
 c - 5 potions of curing
 d - 3 potions of heal wounds
 e - a potion of haste
 f - 4 potions of magic
 g - a potion of berserk rage
 i - a potion of invisibility


   Skills:
 * Level 8.9 Fighting
 * Level 9.1 Maces & Flails
 * Level 4.9 Armour
 + Level 3.8 Dodging


You had 4 spell levels left.
You didn't know any spells.
Your spell library was empty.

Dungeon Overview and Level Annotations

Branches:
Dungeon (1/1)

Altars:
Cheibriados
Dithmenos
Elyvilon
Fedhas
Gozag
Hepliaklqana
Kikubaaqudgha
Makhleb
Nemelex Xobeh
Okawaru
Qazlal
Ru
Sif Muna
Trog
Uskayaw
Vehumet
Wu Jian
Xom
Yredelemnul
Zin
The Shining One
Beogh
Jiyva
Lugonu


Innate Abilities, Weirdness & Mutations

You have a pair of horns on your head.
You reflexively headbutt those who attack you in melee.


Message History

You see here a +0 helmet.
Items here: )))))).
k - a +2 vorpal dire flail You see here 2 scrolls of amnesia.
Items here: ))))).
You see here a +0 helmet.
You see here a +0 helmet.
You see here a +0 plate armour.
l - a +0 plate armour
m - a +3 ring of dexterity
n - a +3 ring of dexterity You start removing your armour.
You continue taking off your +0 animal skin. x4
You finish taking off your +0 animal skin.
You start putting on your armour.
You continue putting on your +0 plate armour. x5
You finish putting on your +0 plate armour.
You feel agile.
m - a +3 ring of dexterity (left hand)
You feel agile.
n - a +3 ring of dexterity (right hand)
k - a +2 vorpal dire flail (weapon)
You open the door.
A shadow, a kobold brigand, a killer bee, a howler monkey and 2 two-headed ogres come into view.
The kobold brigand is wielding a +0 whip and quivering poisoned darts.
The killer bee buzzes angrily.
The howler monkey howls!
The two-headed ogre shouts in stereo!
You sock the two-headed ogre!
The two-headed ogre is moderately wounded.
The two-headed ogre hits you with a +0 giant club!!
Ouch! That really hurt!
The two-headed ogre hits you with a +0 giant spiked club!
* * * LOW HITPOINT WARNING * * *
You hit the two-headed ogre.
The two-headed ogre is moderately wounded.
Your skin crawls.
You feel strong-willed.
The howler monkey hoots and howls with incredible vigour!
The two-headed ogre hits you with a +0 giant club!!
You die...

▓.▓
▓O▓
▓W▓
▓K▓
▓y▓
▓h▓
▓O▓
▓@▓
▓.▓
▓.▓
▓[▓
▓[▓
▓.▓
▓)▓
▓?▓
▓.▓


You could see 2 two-headed ogres, a kobold brigand, a shadow, a howler monkey
(catching breath) and a killer bee.

Vanquished Creatures
  An ogre (D)
  A howler monkey (D)
  A hound (D)
  An ufetubus (D)
  A worm (D)
  An endoplasm (D)
  A goblin (D)
  A bat (D)
  A frilled lizard (D)
  A rat (D)
10 creatures vanquished.

Notes
Turn   | Place    | Note
-------+----------+-------------------------------------------
     0 | D        | sammy202020 the Minotaur Berserker began the quest for the
                  | Orb.
     0 | D        | Reached XP level 1. HP: 19/19 MP: 0/0
     5 | D        | Reached skill level 4 in Maces & Flails
     6 | D        | Reached ** piety under Trog
    14 | D        | Noticed an ogre
    14 | D        | Noticed a howler monkey
    14 | D        | Noticed a hound
    16 | D        | Reached XP level 2. HP: 25/28 MP: 1/1
    22 | D        | Reached *** piety under Trog
    23 | D        | Reached skill level 6 in Maces & Flails
    23 | D        | Reached XP level 3. HP: 35/37 MP: 2/2
    26 | D        | Reached skill level 7 in Maces & Flails
    26 | D        | Reached XP level 4. HP: 47/47 MP: 3/3
    30 | D        | Killed an ogre
    31 | D        | Reached skill level 9 in Maces & Flails
    31 | D        | Reached XP level 5. HP: 56/56 MP: 4/4
    77 | D        | Found a snail-covered altar of Cheibriados.
    77 | D        | Found a shadowy altar of Dithmenos.
    77 | D        | Found a white marble altar of Elyvilon.
    77 | D        | Found a blossoming altar of Fedhas.
    77 | D        | Found an opulent altar of Gozag.
    78 | D        | Found a hazy altar of Hepliaklqana.
    79 | D        | Found a viscous altar of Jiyva.
    80 | D        | Found an ancient bone altar of Kikubaaqudgha.
    81 | D        | Found a corrupted altar of Lugonu.
    82 | D        | Found a burning altar of Makhleb.
    83 | D        | Found a sparkling altar of Nemelex Xobeh.
    84 | D        | Found an iron altar of Okawaru.
    85 | D        | Found a stormy altar of Qazlal.
    86 | D        | Found a sacrificial altar of Ru.
    87 | D        | Found a shimmering blue altar of Sif Muna.
    88 | D        | Found a bloodstained altar of Trog.
    89 | D        | Found a hide-covered altar of Uskayaw.
    90 | D        | Found a radiant altar of Vehumet.
    91 | D        | Found an ornate altar of the Wu Jian Council.
    92 | D        | Found a shimmering altar of Xom.
    93 | D        | Found a basalt altar of Yredelemnul.
    94 | D        | Found a glowing silver altar of Zin.
    95 | D        | Found a glowing golden altar of the Shining One.
   140 | D        | Noticed a two-headed ogre
   140 | D        | Noticed a shadow
   140 | D        | Noticed a two-headed ogre
   143 | D        | Mangled by a two-headed ogre

Illustrated notes

Levels and vault maps discovered:
D:        linesprint [early_d, line_temple, items_1, d_10, items_2, lair_1,
          lair_end, items_3, orc_1, orc_end, items_4, d_15, swamp_1, shoals_1,
          snake_1, spider_1, d_20, vaults_1, items_5, swamp_end, shoals_end,
          snake_end, spider_end, vaults_end, d_27, items_6, zot_1, zot_end,
          crypt_end, forest_end, elf_end, slime_end, tomb_end, abyss_end,
          pan_hell_end]

Skill      XL: |  1  2  3  4 |
---------------+-------------+-----
Fighting       | 4 6 7 8 |  8.9
Maces & Flails | 4 6 7 9 |  9.1
Armour         | 3 4 |  4.9
Dodging        | 3 |  3.8

Action                   |  1- 3 |  4- 6 || total
-------------------------+-------+-------++-------
Melee: Mace              |    13 |     4 ||    17
       Headbutt          |     2 |     3 ||     5
       Dire flail        |       |     2 ||     2
Invok: Trog's Hand       |     1 |     1 ||     2
       Berserk           |     1 |       ||     1
Armor: Animal skin       |     2 |       ||     2
Dodge: Dodged            |    12 |     1 ||    13

Table legend: (Time is in decaauts)
 A = Elapsed time spent in this place.
 B = Non-inter-level travel time spent in this place.
 C = Inter-level travel time spent in this place.
 D = Time resting spent in this place.
 E = Time spent auto-exploring this place.
 F = Levels seen in this place.
 G = Mean time per level.
                   A        B        C        D        E       F      G
               +--------+--------+--------+--------+--------+-----+--------+
         Total |    152 |    152 |      0 |     53 |      0 |   1 |  152.0 |
       Dungeon |    152 |    152 |      0 |     53 |      0 |   1 |  152.0 |
               +--------+--------+--------+--------+--------+-----+--------+

Top non-repeatable levels by time:
       D: 152 daAuts
